 Dungeon Crawl Stone Soup version 0.31.0-11-ge490571c62 (webtiles) character file.

Game seed: 832434110088401349

128 qw the Shooter (level 4, -1/23 HPs)
             Began as a Spriggan Hunter on Feb 3, 2024.
             Slain by a cerulean imp
             ... wielding a +2 spear
             ... summoned by Natasha
              (4 damage)
             ... on level 2 of the Dungeon.
             The game lasted 00:00:04 (1046 turns).

qw the Shooter (Spriggan Hunter)                    Turns: 1046, Time: 00:00:04

Health: -1/23      AC:  2    Str:  7    XL:     4   Next: 86%
Magic:  0/5        EV: 20    Int: 10    God:
Gold:   78         SH:  0    Dex: 20    Spells: 3/3 levels left

rFire   . . .        a - +0 shortbow
rCold   . . .        (shield currently unavailable)
rNeg    . . .        c - +0 robe
rPois   .            (helmet restricted)
rElec   .            (no cloak)
rCorr   .            (gloves unavailable)
SInv    +            (boots unavailable)
Will    .....        h - amulet of guardian spirit
Stlth   ++           (no ring)
HPRegen 0.23/turn    (no ring)
MPRegen 0.09/turn

%: guardian spirit
@: slowed, quick
A: very small, no large weapons, unfitting armour, see invisible, speed 3
a: no special abilities


You were on level 2 of the Dungeon.
You visited 1 branch of the dungeon, and saw 2 of its levels.

You collected 78 gold pieces.


Innate Abilities, Weirdness & Mutations

You are very small and have problems with some larger weapons.
You are too small for most types of armour.
You have supernaturally acute eyesight. (SInv)
You cover ground extremely quickly. (Speed+++)


   Skills:
 + Level 1.9 Fighting
 - Level 5.1 Ranged Weapons
 - Level 5.1 Dodging
 - Level 1.5 Stealth


You had 3 spell levels left.
You didn't know any spells.
Your spell library was empty.

Inventory:

Hand Weapons
 a - a +0 shortbow (weapon)
Armour
 c - a +0 robe (worn)
Jewellery
 h - an amulet of guardian spirit (around neck)
Scrolls
 b - a scroll of teleportation {unknown}
 i - a scroll of identify
Potions
 e - a potion of might

Dungeon Overview and Level Annotations

Branches:
Dungeon (2/15)

Altars:

Annotations:
D:2 Natasha


Message History

You shoot an arrow. The arrow hits the jackal.
The jackal is severely wounded.
The jackal bites you. The jackal closely misses you. The jackal bites you.
The jackal barely misses you.
You shoot an arrow. The arrow barely misses the jackal.
Natasha mumbles some strange words.
The adder closely misses you. The jackal completely misses you. x2
You shoot an arrow. The arrow hits the jackal.
You kill the jackal!
The jackal misses you. The adder barely misses you.
The jackal barely misses you. The jackal misses you. The adder misses you.
You shoot an arrow. The arrow hits the adder.
The adder is moderately wounded.
The jackal completely misses you. The jackal misses you.
The adder barely misses you.
You shoot an arrow. The arrow barely misses the adder.
The jackal bites you. The jackal completely misses you.
The adder completely misses you. The jackal completely misses you. x2
The adder misses you.
You shoot an arrow. The arrow hits the adder!
You kill the adder!
The jackal bites you but does no damage.
The jackal misses you. Natasha claws you! The jackal misses you.
You shoot an arrow. The arrow hits Natasha.
Natasha is lightly wounded.
The jackal closely misses you. x2; Natasha zaps a wand.
The puff of flame hits you! The cerulean imp closely misses you.
The jackal misses you.
You shoot an arrow. The arrow barely misses Natasha.
The jackal misses you. The jackal bites you.
Natasha stares at you and mumbles some strange words.
You feel yourself slow down. The cerulean imp misses you.
The jackal completely misses you.
You shoot an arrow. The arrow hits Natasha!
Natasha is severely wounded.
The jackal closely misses you. The jackal misses you.
Natasha mumbles some strange words.
The jackal bites you.
The cerulean imp hits you from afar with a +2 spear.
You die...

##.. #... .##.
#..#....
#..#..#
###..#..#
.####....5.(###
..>.%.h)h5.....
#@h#..# #..#..#
#..#..###...
#).#.......)
#.#..#.####...
#.#.........#
#.####.######
#.# #.# #.# #.#


You could see Natasha, 2 cerulean imps and 2 jackals.

Vanquished Creatures
  Natasha (twice) (D:2)
  4 adders (D:2)
  2 dart slugs
  4 ball pythons
  4 endoplasms
  A giant cockroach (D:2)
  4 hobgoblins
  5 jackals (D:2)
  A kobold (D:1)
  2 bats (D:1)
  A frilled lizard (D:1)
  4 goblins
  5 rats
39 creatures vanquished.

Notes
Turn   | Place    | Note
-------+----------+-------------------------------------------
     0 | D:1      | qw the Spriggan Hunter began the quest for the Orb.
     0 | D:1      | Reached XP level 1. HP: 10/10 MP: 2/2
     0 | D:1      | 0 ||| qw: Version: 0.3-a-157-g843a77d
     0 | D:1      | 0 ||| qw: Game counter: 3630
     0 | D:1      | 0 ||| qw: Melee chars always use a shield: true
     0 | D:1      | 0 ||| qw: God list: Okawaru
     0 | D:1      | 0 ||| qw: Allow faded altars: false
     0 | D:1      | 0 ||| qw: Do Orc after clearing Dungeon:15 true
     0 | D:1      | 0 ||| qw: Do second Lair branch before Depths: true
     0 | D:1      | 0 ||| qw: Lair rune preference: random
     0 | D:1      | 0 ||| qw: Goals: Normal
     0 | D:1      | 0 ||| PLANNING D:1-11
    16 | D:1      | Reached skill level 3 in Dodging
   120 | D:1      | Reached XP level 2. HP: 14/14 MP: 3/3
   596 | D:1      | 596 ||| UPGRADING to amulet of guardian spirit.
   601 | D:1      | 601 ||| READING 4 scrolls labelled ZEDAMM RYIT.
   602 | D:1      | 602 ||| READING scroll labelled KYCKUM ATSICH.
   603 | D:1      | 603 ||| READING scroll labelled HIWKYPNIGA.
   604 | D:1      | 604 ||| READING 2 scrolls labelled ZOT ASOKLUYW.
   604 | D:1      | 604 ||| IDENTIFYING purple potion
   605 | D:1      | 605 ||| DROPPING scroll of butterflies.
   606 | D:1      | 606 ||| DROPPING 3 scrolls of fog.
   670 | D:2      | Reached XP level 3. HP: 14/18 MP: 4/4
   753 | D:2      | Noticed Natasha
   756 | D:2      | 756 ||| FLEEEEING.
   757 | D:2      | 757 ||| FLEEEEING.
   758 | D:2      | 758 ||| FLEEEEING.
   759 | D:2      | 759 ||| FLEEEEING.
   760 | D:2      | 760 ||| FLEEEEING.
   761 | D:2      | 761 ||| FLEEEEING.
   762 | D:2      | 762 ||| FLEEEEING.
   764 | D:2      | 764 ||| FLEEEEING.
   768 | D:2      | HP: 2/18 [Natasha/magic dart (4)]
   772 | D:2      | Killed Natasha
   852 | D:2      | Reached XP level 4. HP: 22/22 MP: 5/5
   932 | D:2      | Noticed Natasha
   940 | D:2      | Killed Natasha
  1037 | D:2      | Noticed Natasha
  1044 | D:2      | HP: 4/23 [Natasha/puff of flame (7)]
  1046 | D:2      | Slain by a cerulean imp

Levels and vault maps discovered:
D:1:      lightli_arrival_maybe_door_vault, layout_loops_cross,
          serial_park_tiny_1
D:2:      layout_loops_ring, uniq_natasha

Skill      XL: |  1  2  3  4 |
---------------+-------------+-----
Dodging        | 3 4 5 |  5.1
Ranged Weapons | 5 |  5.1
Fighting       | |  1.9
Stealth        | |  1.5

Action                     |  1- 3 |  4- 6 || total
---------------------------+-------+-------++-------
   Fire: Shortbow          |    80 |    37 ||   117
    Use: Scroll            |     4 |       ||     4
 Armour: Robe              |     9 |    12 ||    21
  Dodge: Dodged            |    34 |    40 ||    74

Table legend:
 A = Non-vault XP
 B = Vault XP
 C = Vault XP percentage of total XP
 D = Non-vault monster count
 E = Vault monster count
 F = Vault count percentage of total count
                 A         B        C        D         E       F
            +---------+---------+-------+---------+---------+-------
      Total |     147 |      36 |  19.7 |      38 |       1 |   2.6
            +---------+---------+-------+---------+---------+-------
        D:1 |      30 |       0 |   0.0 |      17 |       0 |   0.0
        D:2 |     117 |      36 |  23.5 |      21 |       1 |   4.5
            +---------+---------+-------+---------+---------+-------
